 Dungeon Crawl Stone Soup version 0.21.1-1-g345015fe64 (webtiles) character file.

127 NullDivider the Charlatan (level 4, 0/23 HPs)
             Began as a Spriggan Artificer on May 30, 2018.
             Slain by an orc
             ... wielding a +3 mace
              (8 damage)
             ... on level 3 of the Dungeon.
             The game lasted 00:14:46 (4887 turns).

NullDivider the Charlatan (Spriggan Artificer)      Turns: 4887, Time: 00:14:47

Health: 0/23       AC:  2    Str:  8    XL:     4   Next: 85%
Magic:  8/8        EV: 19    Int: 12    God:
Gold:   105        SH:  0    Dex: 17    Spells: 3/3 levels left

rFire    . . .     SeeInvis +   h - -1 dagger (curse)
rCold    . . .     Gourm    .   (shield restricted)
rNeg     . . .     Faith    .   b - +0 robe
rPois    +         Spirit   .   (helmet restricted)
rElec    .         Reflect  .   (no cloak)
rCorr    .         Harm     .   (gloves unavailable)
MR       .....                  (boots unavailable)
Stlth    ++........             (no amulet)
HPRegen  0.07/turn              l - ring of poison resistance
MPRegen  0.11/turn              (no ring)

@: very quick
A: very small, unfitting armour, see invisible, herbivore, speed 3, slow
metabolism 2
a: no special abilities


You were on level 3 of the Dungeon.
You were not hungry.

You visited 1 branch of the dungeon, and saw 4 of its levels.

You collected 105 gold pieces.

Inventory:

Hand Weapons
 a - a +0 short sword
 g - a +0 hunting sling
 h - a cursed -1 dagger (weapon)
Missiles
 i - 190 stones (quivered)
 p - 15 sling bullets
 s - 22 arrows
Armour
 b - a +0 robe (worn)
Jewellery
 l - a ring of poison resistance (left hand)
Wands
 c - a wand of flame (13)
 d - a wand of enslavement (10)
Scrolls
 e - a scroll of fear
 k - a scroll of teleportation
 m - a scroll of immolation {unknown}
 n - a scroll of fog
 o - a scroll of blinking {unknown}
 q - 3 scrolls of magic mapping
Potions
 r - a potion of ambrosia {unknown}
 t - a potion of degeneration {unknown}
Comestibles
 f - 10 rations


   Skills:
 * Level 2.1 Fighting
 * Level 2.7 Short Blades
 + Level 3.9 Dodging
 + Level 3.0 Stealth
 + Level 4.7 Evocations


You had 3 spell levels left.
You didn't know any spells.

Dungeon Overview and Level Annotations

Branches:
Dungeon (4/15)
 Temple: D:4-7

Altars:
Fedhas
Kikubaaqudgha


Innate Abilities, Weirdness & Mutations

You are very small and have problems with some larger weapons.
You are too small for most types of armour.
You have supernaturally acute eyesight. (SInv)
You are a herbivore.
You cover ground extremely quickly.
You need consume almost no food.


Message History

You are too injured to fight recklessly!
You are too injured to fight recklessly!
You are too injured to fight recklessly!
You are too injured to fight recklessly!
You are too injured to fight recklessly!
You are too injured to fight recklessly!
You are too injured to fight recklessly!
You are too injured to fight recklessly!
You are too injured to fight recklessly!
You are too injured to fight recklessly!
You are too injured to fight recklessly!
You are too injured to fight recklessly!
You are too injured to fight recklessly!
You are too injured to fight recklessly!
You are too injured to fight recklessly!
You are too injured to fight recklessly!
You are too injured to fight recklessly!
You hit the orc but do no damage.
The orc hits you with an enchanted mace!
You die...

#.#.#..............#.......
#.#.#..##########..########
#.#....................####
#.#....##########...##.#...
#.#.#..#######.#....#......
##.#............#.......#.##
#.....)>o...................
##.##.##'#####..##...#.......
#.........oo@....#...##..#.##
##.###.....###...#...#......#
#.# #.....#.#...#...###.#..#
#.# #.....#.#.#.....###.#..#
#.# #....)#.............####
#.# #.#'#.#.#.#.............
#.# #.#.#.#.#.##############
#.# #.#.....#.# #....
##.###.###.....# ########+###


You could see 2 orcs.

Vanquished Creatures
  7 adders
  4 leopard geckos
  2 orcs (D:3)
  3 bats
  4 giant cockroaches
  3 hobgoblins
  5 jackals
  9 kobolds
  A quokka (D:2)
  3 frilled lizards
  8 goblins
  4 rats
53 creatures vanquished.

Vanquished Creatures (collateral kills)
  A goblin (D:2)
  2 jackals (D:3)
  A kobold (D:2)
4 creatures vanquished.

Grand Total: 57 creatures vanquished

Notes
Turn   | Place    | Note
-------+----------+-------------------------------------------
     0 | D:1      | NullDivider the Spriggan Artificer began the quest for the Orb.
     0 | D:1      | Reached XP level 1. HP: 9/9 MP: 4/4
   322 | D:1      | Reached skill level 1 in Fighting
   461 | D:1      | Reached XP level 2. HP: 14/14 MP: 6/6
  1380 | D:2      | Found an ancient bone altar of Kikubaaqudgha.
  1382 | D:2      | Found a blossoming altar of Fedhas.
  1401 | D:2      | Reached XP level 3. HP: 18/18 MP: 7/7
  2247 | D:2      | Reached XP level 4. HP: 23/23 MP: 8/8
  2663 | D:3      | Found a faded altar of an unknown god.
  4887 | D:3      | Slain by an orc

Skill      XL: |  1  2  3  4 |
---------------+-------------+-----
Fighting       | 1 2 |  2.1
Stealth        | 2 3 |  3.0
Short Blades   | 2 |  2.7
Dodging        | |  3.9
Evocations     | |  4.7

Action                   |  1- 3 |  4- 6 || total
-------------------------+-------+-------++-------
Melee: Short sword       |    75 |       ||    75
       Dagger            |    44 |   267 ||   311
Evoke: Wand              |    13 |     9 ||    22
  Use: Potion            |     3 |       ||     3
       Scroll            |     1 |     3 ||     4
 Stab: Sleeping          |     3 |       ||     3
       Distracted        |       |     1 ||     1
  Eat: Ration            |       |     1 ||     1
Armor: Robe              |    13 |    36 ||    49
Dodge: Dodged            |   114 |   299 ||   413
